 Dungeon Crawl Stone Soup version 0.23.1-37-gaa34b87 (webtiles) character file.

Game seed: 6210919859257527840

2194 Fang the Skirmisher (level 9, -1/57 HPs)
             Began as a Gargoyle Berserker on Mar 25, 2019.
             Was a High Priest of Trog.
             Slain by a centaur (5 damage)
             ... on level 7 of the Dungeon on Mar 26, 2019.
             The game lasted 00:06:10 (7167 turns).

Fang the Skirmisher (Gargoyle Berserker)            Turns: 7167, Time: 00:06:11

Health: -1/57      AC: 20    Str: 23    XL:     9   Next: 34%
Magic:  9/9        EV: 10    Int:  9    God:    Trog [*****.]
Gold:   392        SH:  0    Dex:  9    Spells: 8/8 levels left

rFire    . . .     SeeInvis .   x - +0 battleaxe
rCold    . . .     Gourm    .   (shield currently unavailable)
rNeg     + . .     Faith    .   o - +0 chain mail
rPois    ∞         Spirit   .   (no helmet)
rElec    +         Reflect  .   u - scarf {cloud immunity}
rCorr    .         Harm     .   (no gloves)
MR       ++...                  (no boots)
Stlth    ..........             (no amulet)
HPRegen  1.19/turn              j - +4 ring of protection
MPRegen  0.11/turn              (no ring)

@: berserk cooldown, regenerating, slowed, very slow
A: negative energy resistance 1, electricity resistance, unbreathing,
petrification resistance, rot immunity, AC +6
a: Berserk, Trog's Hand, Brothers in Arms, Renounce Religion


You were on level 7 of the Dungeon.
You worshipped Trog.
Trog was extremely pleased with you.
You were near starving.

You visited 2 branches of the dungeon, and saw 8 of its levels.

You collected 392 gold pieces.

Inventory:

Hand Weapons
 x - a +0 battleaxe (weapon)
Armour
 o - a +0 chain mail (worn)
 u - a scarf of cloud immunity (worn)
Jewellery
 a - an uncursed ring of ice
 j - a +4 ring of protection (left hand)
 z - an uncursed ring of protection from fire {unknown}
Wands
 p - a wand of scattershot (3)
Scrolls
 d - 5 scrolls of immolation {unknown}
 e - 10 scrolls of identify {unknown}
 g - a scroll of random uselessness {unknown}
 k - 4 scrolls of remove curse {unknown}
 l - a scroll of fear {unknown}
 m - a scroll of magic mapping {unknown}
 r - 4 scrolls of teleportation {unknown}
 s - a scroll of enchant weapon {unknown}
 v - 2 scrolls of amnesia {unknown}
 y - a scroll of enchant armour {unknown}
Potions
 b - a potion of lignification {unknown}
 f - a potion of resistance {unknown}
 h - 2 potions of flight {unknown}
 i - a potion of curing
 n - a potion of heal wounds {unknown}
 q - 2 potions of berserk rage {unknown}
 t - a potion of brilliance {unknown}
 w - a potion of haste {unknown}
 B - a potion of invisibility {unknown}
 C - a potion of agility {unknown}
Comestibles
 c - 9 rations
 A - 5 chunks of flesh


   Skills:
 + Level 7.4 Fighting
 + Level 6.1 Axes
 + Level 6.9 Armour
 + Level 5.2 Dodging


You had 8 spell levels left.
You didn't know any spells.
Your spell library was empty.

Dungeon Overview and Level Annotations

Branches:
Dungeon (7/15)             Temple (1/1) D:5

Altars:
Dithmenos
Vehumet
Wu Jian
Zin

Shops:
D:4 %*}?


Innate Abilities, Weirdness & Mutations

You are resistant to torment.
Your stone body is resilient. (AC +6)
You are immune to poison.
You resist negative energy. (rN+)
You are resistant to electric shocks. (rElec)
You can survive without breathing.
You are immune to petrification.
You are immune to rotting.


Message History

The hound bites you but does no damage. The centaur hits you.
* * * LOW HITPOINT WARNING * * *
The hound bites you but does no damage. The centaur hits you.
* * * LOW HITPOINT WARNING * * *
The hound bites you.
* * * LOW HITPOINT WARNING * * *
The centaur hits you but does no damage.
You slash the hound!
The hound is almost dead.
You closely miss the centaur. The hound bites you but does no damage.
The centaur hits you but does no damage.
The hound bites you but does no damage.
The centaur hits you but does no damage.
The hound bites you but does no damage. The centaur barely misses you.
Your skin crawls.
You feel resistant to hostile enchantments.
You are near starving!
The hound bites you but does no damage. The centaur barely misses you.
The hound barely misses you. The centaur hits you.
You die...

######### #.
#.......####### #.
##.#####....(..###
#. #..#
#######...####.
##.## ###......
##..# ######.
##..## #.
###..####### #.
#.....†.$h@# #.
#.##..<..c.# #. #.
#.........[# ## #
####.#####$.# #
#.# .# #.# .. #.#
. #.#


You could see a centaur and a hound.

Vanquished Creatures
  Sigmund (D:5)
  An acid dragon (D:7)
  An orc warrior (D:5)
  A phantom (D:5)
  2 black bears
  3 ogres
  A centaur (D:5)
  A wyvern skeleton (D:6)
  A scorpion (D:6)
  3 wights (D:6)
  2 howler monkeys (D:5)
  2 crimson imps (D:6)
  A centaur zombie (D:2)
  6 hounds
  3 orc priests
  4 orc wizards
  4 worker ants
  A hound zombie (D:3)
  A hound skeleton (D:7)
  A river rat (D:6)
  10 adders
  7 gnolls
  A shadow imp (D:5)
  4 oozes
  An adder skeleton (D:4)
  A worm (D:2)
  4 dart slugs
  6 leopard geckos
  26 orcs
  5 giant cockroaches
  19 goblins
  7 hobgoblins
  8 jackals
  3 quokkas
  7 bats
  9 frilled lizards
  6 kobolds
  A leopard gecko zombie (D:5)
  9 rats
174 creatures vanquished.

Notes
Turn   | Place    | Note
-------+----------+-------------------------------------------
     0 | D:1      | Fang the Gargoyle Berserker began the quest for the Orb.
     0 | D:1      | Reached XP level 1. HP: 14/14 MP: 1/1
     2 | D:1      | Noticed a halfling
     2 | D:1      | Noticed a human
     4 | D:1      | Noticed a troll
     4 | D:1      | Noticed an ogre
     6 | D:1      | Noticed a demigod
     6 | D:1      | Noticed a minotaur
     8 | D:1      | Noticed a formicid
    10 | D:1      | Noticed an octopode
    12 | D:1      | Noticed a gargoyle
    14 | D:1      | Noticed a vampire
    14 | D:1      | Noticed a spriggan
    16 | D:1      | Noticed a draconian
    16 | D:1      | Noticed a naga
    18 | D:1      | Noticed a ghoul
    20 | D:1      | Noticed a vine stalker
    20 | D:1      | Noticed a demonspawn
    22 | D:1      | Noticed an elf
    22 | D:1      | Noticed a felid
    25 | D:1      | Noticed a tengu
    25 | D:1      | Noticed a dwarf
    27 | D:1      | Noticed a centaur
    27 | D:1      | Noticed a merfolk
   100 | D:1      | Reached XP level 2. HP: 16/19 MP: 2/2
   162 | D:1      | Reached ** piety under Trog
   213 | D:1      | Reached XP level 3. HP: 13/23 MP: 3/3
   943 | D:2      | Reached XP level 4. HP: 29/29 MP: 4/4
  1000 | D:2      | Reached skill level 4 in Fighting
  1223 | D:2      | Reached XP level 5. HP: 33/33 MP: 5/5
  1652 | D:2      | Reached *** piety under Trog
  2416 | D:2      | Found a glowing silver altar of Zin.
  2558 | D:3      | Found a radiant altar of Vehumet.
  2591 | D:3      | Reached XP level 6. HP: 37/39 MP: 6/6
  3368 | D:4      | Reached skill level 5 in Fighting
  3449 | D:4      | Reached XP level 7. HP: 41/44 MP: 7/7
  3472 | D:4      | Found Poddenio's Gadget Emporium.
  3503 | D:4      | Reached **** piety under Trog
  3695 | D:4      | Found Tuor's General Store.
  3703 | D:4      | Found Hailyat's Food Emporium.
  4067 | D:4      | Found Osim's Magic Scroll Shoppe.
  4213 | D:4      | Reached skill level 5 in Armour
  4499 | D:4      | Reached XP level 8. HP: 51/51 MP: 8/8
  4697 | D:5      | Entered Level 5 of the Dungeon
  4739 | D:5      | Noticed Sigmund
  4746 | D:5      | Killed Sigmund
  4746 | D:5      | Reached skill level 6 in Fighting
  4746 | D:5      | Reached skill level 5 in Axes
  4824 | D:5      | Found an ornate altar of the Wu Jian Council.
  5699 | D:5      | Found a staircase to the Ecumenical Temple.
  5706 | Temple   | Entered the Ecumenical Temple
  6264 | D:6      | Reached XP level 9. HP: 42/56 MP: 9/9
  6274 | D:6      | Reached skill level 7 in Fighting
  6327 | D:6      | Reached skill level 5 in Dodging
  6742 | D:6      | Found a shadowy altar of Dithmenos.
  6866 | D:6      | Reached ***** piety under Trog
  7151 | D:7      | HP: 2/57 [acid (19)]
  7165 | D:7      | HP: 2/57 [hound (1)]
  7167 | D:7      | Slain by a centaur

Skill      XL: |  1  2  3  4  5  6  7  8  9 |
---------------+----------------------------+-----
Axes           | 3 4 5 6 |  6.1
Dodging        | 2 3 4 5 |  5.2
Armour         | 3 4 5 6 |  6.9
Fighting       | 4 5 6 7 |  7.4

Action                   |  1- 3 |  4- 6 |  7- 9 || total
-------------------------+-------+-------+-------++-------
Melee: Hand axe          |   119 |   228 |   168 ||   515
       Battleaxe         |       |       |   165 ||   165
Invok: Berserk           |       |     2 |     6 ||     8
       Trog's Hand       |       |       |     1 ||     1
  Use: Potion            |       |       |     1 ||     1
 Stab: Sleeping          |       |     2 |       ||     2
  Eat: Chunk             |       |    10 |    11 ||    21
       Ration            |       |       |     2 ||     2
Armor: Animal skin       |    39 |    29 |       ||    68
       Chain mail        |       |   134 |   302 ||   436
Dodge: Dodged            |    81 |   183 |   208 ||   472
